Map: Blackpink LE

Players

DnS - Winner!

  • Race: Protoss Protoss
  • Spawn Location: 7:00

Stephano

  • Race: Zerg Zerg
  • Spawn Location: 1:00

Event: IEM Season 12 - Katowice

VOD

Have the link to the VOD?

Description

Time

  • Played on: Feb. 26, 2018, 4:28 a.m.
  • Length: 9:42

All games in this series

Show
View Real Time Build Order
Export as new Build Order

DnS Protoss - Winner!

Build Orders: 1 Gate Expand, Oracle Opening, Phoenix Opening, Zealot Archon, Archon Drop 

Get SALT Encoding   

  12  0:00  Probe  
  13  0:12  Probe  
  14  0:20  Pylon  
  14  0:24  Probe  
  15  0:39  Probe (Chrono Boost)  
  15  0:41  Gateway  
  16  0:48  Probe (Chrono Boost)  
  17  0:53  Pylon  
  17  0:54  Probe  
  18  1:04  Assimilator  
  18  1:06  Probe  
  20  1:18  Probe  
  20  1:29  Nexus  
  20  1:39  Cybernetics Core  
  20  1:42  Probe  
  21  1:48  Assimilator  
  21  1:54  Probe  
  21  1:56  Pylon  
  22  2:06  Probe  
  23  2:14  Adept (Chrono Boost)  
  23  2:19  Probe (Chrono Boost)  
  26  2:31  Probe (Chrono Boost)  
  26  2:32  Stargate  
  26  2:36  Adept  
  28  2:38  Probe (Chrono Boost)  
  28  2:41  Probe (Chrono Boost)  
  30  2:45  Warp Gate  
  30  2:50  Probe x2 (Chrono Boost)  
  32  2:56  Probe (Chrono Boost)  
  32  2:57  Probe  
  34  3:08  Probe  
  34  3:09  Probe  
  36  3:17  Phoenix (Chrono Boost)  
  38  3:20  Probe, Gateway  
  38  3:21  Probe  
  40  3:32  Probe, Assimilator  
  40  3:33  Probe, Pylon  
  42  3:36  Oracle (Chrono Boost)  
  45  3:44  Probe  
  46  3:51  Adept, Probe  
  46  3:52  Assimilator  
  46  3:54  Twilight Council  
  49  3:56  Probe  
  50  4:03  Probe  
  50  4:08  Probe  
  52  4:10  Robotics Facility  
  52  4:15  Probe  
  53  4:18  Gateway  
  53  4:20  Probe  
  53  4:21  Gateway  
  54  4:27  Charge (Chrono Boost)  
  54  4:33  Pylon  
  54  4:39  Templar Archives  
  54  4:50  Gateway  
  54  4:51  Gateway  
  54  4:54  Zealot x2  
  54  4:55  Probe  
  54  4:56  Probe  
  60  5:02  Warp Prism  
  62  5:08  Pylon  
  62  5:19  Nexus  
  62  5:33  Pylon  
  62  5:34  High Templar x4  
  70  5:38  Pylon  
  70  5:39  Pylon, Archon x2  
  70  5:51  Probe x2  
  70  5:52  Observer  
  73  6:03  Probe  
  73  6:04  Probe  
  75  6:05  Zealot  
  75  6:06  Zealot x4  
  75  6:07  Zealot  
  75  6:10  Pylon  
  87  6:15  Probe  
  88  6:19  Probe  
  89  6:27  Probe  
  89  6:31  Probe  
  89  6:32  Zealot x5  
  101  6:34  Probe  
  101  6:39  Probe  
  99  6:43  Probe  
  99  6:46  Probe  
  87  6:51  Probe  
  78  6:56  Forge  
  78  7:00  Probe x2, High Templar x2  
  78  7:01  Zealot x2, High Templar x2  
  86  7:04  Probe  
  86  7:07  Archon x2  
  93  7:09  Immortal (Chrono Boost)  
  93  7:12  Probe  
  93  7:13  Gateway x2  
  96  7:15  Shield Battery  
  96  7:18  Pylon  
  96  7:25  Probe x2  
  96  7:27  Protoss Ground Weapons Level 1 (Chrono Boost)  
  99  7:30  Probe  
  99  7:32  Assimilator  
  99  7:33  Assimilator  
  99  7:35  Zealot, High Templar x2  
  99  7:36  Zealot x2  
  109  7:37  Probe  
  109  7:41  Probe  
  109  7:42  Probe  
  112  7:46  Zealot  
  112  7:47  Archon  
  114  7:59  High Templar x2  
  114  8:00  Zealot  
  114  8:05  Pylon x2  
  120  8:07  Pylon  
  120  8:09  Zealot x2  
  120  8:10  Psionic Storm  
  120  8:12  Pylon  
  124  8:13  Pylon  
  124  8:14  Archon  
  124  8:19  Pylon  
  124  8:23  Pylon  
  124  8:24  High Templar x2  
  124  8:25  Zealot x2  
  132  8:31  Archon  
  128  8:47  Probe x2  
  130  8:49  Zealot  
  130  8:50  Zealot x5  
  130  8:51  Immortal  
  140  8:59  Nexus  
  128  9:09  Zealot  
  125  9:10  Zealot x7  
  127  9:31  Zealot x2  
  127  9:32  Zealot x5  
Show
View Real Time Build Order
Export as new Build Order

Stephano Zerg 

Build Orders: Pool First 

Get SALT Encoding   

  12  0:00  Drone  
  13  0:13  Overlord  
  13  0:17  Drone  
  14  0:31  Drone x2  
  16  0:47  Drone  
  16  0:48  Drone  
  18  0:51  Spawning Pool  
  17  0:59  Drone  
  18  1:18  Drone x2  
  20  1:29  Hatchery  
  20  1:31  Drone  
  20  1:37  Queen  
  20  1:38  Extractor  
  21  1:40  Zergling x2  
  22  1:57  Hatchery  
  21  2:03  Drone  
  21  2:05  Overlord  
  22  2:23  Queen  
  22  2:26  Drone x2  
  26  2:34  Drone  
  27  2:40  Metabolic Boost  
  27  2:42  Zergling x2  
  28  2:44  Zergling x2  
  28  2:45  Drone  
  28  2:46  Drone  
  32  2:51  Drone  
  32  3:01  Drone x2  
  32  3:04  Drone  
  35  3:13  Drone  
  35  3:14  Drone x2  
  37  3:21  Zergling x2  
  37  3:23  Drone  
  39  3:29  Drone x2  
  39  3:31  Overlord  
  39  3:33  Overlord  
  41  3:39  Drone, Overlord  
  42  3:49  Queen  
  42  3:50  Drone x4  
  42  3:51  Queen  
  42  3:53  Drone  
  51  3:58  Spore Crawler  
  51  3:59  Drone x2  
  51  4:02  Queen  
  54  4:04  Drone  
  54  4:07  Drone  
  56  4:11  Drone x2  
  56  4:13  Spore Crawler  
  56  4:17  Spore Crawler  
  56  4:20  Overlord  
  56  4:25  Drone, Overlord  
  56  4:26  Lair  
  57  4:35  Drone  
  57  4:36  Overlord  
  58  4:39  Baneling Nest  
  58  4:40  Evolution Chamber, Drone x4  
  58  4:42  Drone x2  
  58  4:44  Drone  
  63  4:46  Extractor  
  63  4:49  Zergling x6  
  64  5:00  Zergling x4  
  64  5:02  Drone x3  
  64  5:06  Zergling x6  
  72  5:08  Zerg Melee Weapons Level 1  
  72  5:15  Zergling x10  
  72  5:16  Zergling x2  
  72  5:17  Drone  
  72  5:18  Drone  
  72  5:20  Extractor  
  79  5:22  Baneling x2  
  79  5:23  Baneling x2  
  79  5:28  Drone x3  
  82  5:37  Overlord x2  
  82  5:38  Hydralisk Den  
  81  5:47  Overlord  
  80  5:50  Hatchery  
  80  5:52  Queen, Overlord  
  81  5:58  Drone x3  
  81  6:02  Extractor  
  83  6:04  Overlord  
  83  6:07  Hydralisk  
  83  6:08  Hydralisk x3  
  91  6:14  Hydralisk  
  91  6:16  Zergling x16  
  91  6:18  Baneling  
  89  6:34  Zergling x16  
  84  6:42  Hydralisk  
  84  6:43  Hydralisk x2  
  84  6:46  Zergling x8  
  75  6:54  Hydralisk x2  
  75  6:59  Zergling x6  
  76  7:07  Hydralisk  
  77  7:11  Drone x7  
  77  7:12  Queen, Extractor  
  85  7:16  Queen  
  85  7:18  Extractor  
  85  7:20  Baneling x3  
  85  7:22  Drone x3  
  89  7:24  Drone  
  90  7:33  Drone x4  
  94  7:39  Muscular Augments  
  94  7:41  Drone x2  
  94  7:43  Drone x2, Queen  
  100  7:44  Extractor  
  100  7:48  Extractor  
  98  7:57  Drone x10  
  108  8:06  Hydralisk  
  108  8:08  Zergling x2  
  108  8:10  Overseer  
  108  8:11  Overlord x2  
  111  8:21  Extractor  
  110  8:28  Overlord x2  
  110  8:30  Hydralisk x5  
  120  8:35  Hydralisk x2  
  120  8:37  Zergling x12  
  124  8:46  Hydralisk x3  
  130  8:54  Zergling x20  
  129  9:00  Hydralisk  
  107  9:04  Hydralisk  
  107  9:09  Hydralisk x3  
  107  9:15  Baneling x3  
  107  9:16  Zergling x12  

Tags
 
Add a new tag
Caveats
  • Supply blocks, unpowered buildings, or Contaminate may cause inaccurate times.
  • Supply counts are checked every 10 seconds.